General information
- name: BNet
- type: Ladder team game (AT/RT)
- host: Battle.net
- saver: TheLeaningTower
map: Cherryville
- players: 8
- length: 37:30
- speed: Fast
- version: 1.23 W3XP
- replay type: Public
» download(296 KB)
Players
team 1 (loser)
BackTrack- (
teal | 34 APM | 1280 actions | 37:27)
3 Crypt Lord
2 Impale
1 Spiked Carapace
2 Lich
1 Frost Nova
1 Frost Armor
» actions
| Basic commands | 6 | |
| Build / train | 45 | |
| Enter build submenu | 23 | |
| Enter hero's abilities submenu | 5 | |
| Remove unit from queue | 1 | |
| Right click | 880 | |
| Select / deselect | 279 | |
| Use ability | 41 | |
1280 total
» units
| Acolyte | 9 | |
| Crypt Fiend | 7 | |
| Ghoul | 2 | |
| Frost Wyrm | 6 | |
24 total
» upgrades
| Creature Attack | 3 | |
| Web | 1 | |
| Freezing Breath | 1 | |
| Creature Carapace | 3 | |
8 total
» buildings
| Altar of Darkness | 1 | |
| Ziggurat | 9 | |
| Crypt | 2 | |
| Graveyard | 2 | |
| Spirit Tower | 2 | |
| Halls of the Dead | 1 | |
| Black Citadel | 1 | |
| Sacrificial Pit | 1 | |
| Boneyard | 4 | |
| Nerubian Tower | 1 | |
24 total
» build order
01:04 Altar of Darkness
01:10 Ziggurat
01:15 Ziggurat
01:18 Crypt
01:22 Graveyard
01:28 Graveyard
01:59 Ziggurat
02:21 Crypt
07:05 Spirit Tower
09:07 Ziggurat
09:10 Halls of the Dead
12:00 Black Citadel
12:03 Sacrificial Pit
12:15 Ziggurat
12:18 Ziggurat
15:03 Boneyard
15:05 Boneyard
15:06 Boneyard
15:20 Boneyard
16:09 Ziggurat
16:11 Ziggurat
16:13 Ziggurat
16:32 Nerubian Tower
16:33 Spirit Tower
doerofpain (
orange | 22 APM | 834 actions | 37:27)
6 Blademaster
3 Wind Walk
3 Critical Strike
» actions
| Assign group hotkey | 1 | |
| Basic commands | 27 | |
| Build / train | 48 | |
| Enter build submenu | 22 | |
| Enter hero's abilities submenu | 7 | |
| Right click | 445 | |
| Select / deselect | 221 | |
| Select group hotkey | 2 | |
| Use ability | 61 | |
834 total
» units
| Peon | 6 | |
| Grunt | 1 | |
| Troll Headhunter/Berserker | 14 | |
| Wind Rider | 7 | |
| Demolisher | 3 | |
| Tauren | 2 | |
33 total
» upgrades
| Armor | 1 | |
| Ranged Weapons | 1 | |
| Berserker Upgrade | 1 | |
| Envenomed Spears | 1 | |
| Burning Oil | 1 | |
5 total
» buildings
| Altar of Storms | 1 | |
| Orc Burrow | 6 | |
| Barracks | 1 | |
| War Mill | 1 | |
| Stronghold | 2 | |
| Fortress | 1 | |
| Beastiary | 1 | |
| Tauren Totem | 1 | |
| Voodoo Lounge | 1 | |
| Watch Tower | 5 | |
| Great Hall | 1 | |
21 total
» build order
00:06 Altar of Storms
00:09 Orc Burrow
00:45 Barracks
01:02 War Mill
03:01 Orc Burrow
03:34 Stronghold
06:50 Fortress
07:09 Beastiary
07:27 Orc Burrow
07:50 Orc Burrow
09:25 Orc Burrow
13:36 Orc Burrow
16:54 Tauren Totem
17:33 Voodoo Lounge
22:57 Watch Tower
23:02 Watch Tower
23:17 Watch Tower
24:19 Great Hall
31:26 Watch Tower
31:32 Watch Tower
32:20 Stronghold
Leed (
red | 51 APM | 1928 actions | 37:27)
5 Paladin
3 Holy Light
1 Divine Shield
1 Devotion Aura
» actions
| Assign group hotkey | 37 | |
| Basic commands | 27 | |
| Build / train | 99 | |
| ESC pressed | 1 | |
| Enter build submenu | 24 | |
| Enter hero's abilities submenu | 5 | |
| Remove unit from queue | 10 | |
| Right click | 877 | |
| Select / deselect | 344 | |
| Select group hotkey | 445 | |
| Use ability | 59 | |
1928 total
» units
| Peasant | 8 | |
| Rifleman | 13 | |
| Mortar Team | 6 | |
| Flying Machine | 37 | |
64 total
» upgrades
| Gunpowder | 3 | |
| Long Rifles | 1 | |
| Lumber Harvesting | 1 | |
| Fragmentation Shards | 1 | |
| Flak Cannons | 1 | |
| Plating | 3 | |
| Flying Machine Bombs | 1 | |
| Armor | 1 | |
12 total
» buildings
| Farm | 14 | |
| Altar of Kings | 1 | |
| Blacksmith | 1 | |
| Barracks | 1 | |
| Arcane Vault | 1 | |
| Keep | 1 | |
| Workshop | 1 | |
| Castle | 1 | |
| Lumber Mill | 1 | |
| Town Hall | 3 | |
25 total
» build order
00:08 Farm
00:10 Farm
00:43 Altar of Kings
00:51 Blacksmith
01:14 Barracks
02:22 Farm
04:40 Arcane Vault
04:48 Farm
04:50 Farm
05:49 Farm
06:47 Keep
09:29 Workshop
10:29 Farm
10:50 Castle
10:54 Lumber Mill
11:10 Farm
16:39 Farm
16:39 Farm
16:45 Farm
16:47 Farm
16:50 Farm
16:51 Farm
19:13 Town Hall
27:09 Town Hall
31:27 Town Hall
» items
| Scroll of Regeneration | 2 | |
| Lesser Clarity Potion | 2 | |
| Potion of Healing | 1 | |
5 total
NineInchNails (
green | 24 APM | 874 actions | 36:33)
4 Blademaster
2 Wind Walk
2 Critical Strike
» actions
| Basic commands | 96 | |
| Build / train | 51 | |
| Enter build submenu | 22 | |
| Enter hero's abilities submenu | 4 | |
| Right click | 233 | |
| Select / deselect | 398 | |
| Use ability | 70 | |
874 total
» units
| Peon | 9 | |
| Grunt | 11 | |
| Demolisher | 5 | |
| Wind Rider | 2 | |
27 total
» upgrades
| Armor | 3 | |
| Spiked Barricades | 2 | |
| Berserker Strength | 1 | |
| Shaman Training | 2 | |
| Reinforced Defenses | 1 | |
9 total
» buildings
| Altar of Storms | 1 | |
| Barracks | 2 | |
| Orc Burrow | 6 | |
| War Mill | 2 | |
| Stronghold | 2 | |
| Watch Tower | 4 | |
| Voodoo Lounge | 1 | |
| Spirit Lodge | 1 | |
| Fortress | 1 | |
| Beastiary | 1 | |
| Great Hall | 1 | |
22 total
» build order
00:08 Altar of Storms
00:12 Barracks
00:37 Orc Burrow
01:55 Orc Burrow
02:22 Barracks
02:38 War Mill
03:00 War Mill
05:03 Orc Burrow
05:45 Stronghold
05:57 Watch Tower
07:18 Watch Tower
07:27 Voodoo Lounge
09:17 Spirit Lodge
10:19 Orc Burrow
11:28 Watch Tower
11:32 Orc Burrow
13:43 Orc Burrow
15:31 Fortress
20:23 Beastiary
21:35 Watch Tower
23:05 Great Hall
26:28 Stronghold
» items
| Scroll of Town Portal | 1 | |
| Healing Salve | 1 | |
| Lesser Clarity Potion | 3 | |
| Orb of Lightning | 1 | |
| Potion of Healing | 1 | |
7 total
team 2 (winner)

»
IMWITHSTUPIDvvv (
blue | 77 APM | 2867 actions | 37:27)
7 Warden
3 Shadow Strike
3 Blink
1 Fan of Knives
» actions
| Assign group hotkey | 2 | |
| Basic commands | 34 | |
| Build / train | 66 | |
| ESC pressed | 3 | |
| Enter build submenu | 19 | |
| Enter hero's abilities submenu | 7 | |
| Right click | 2055 | |
| Select / deselect | 184 | |
| Select group hotkey | 311 | |
| Use ability | 186 | |
2867 total
» units
» upgrades
| Ultravision | 1 | |
| Nature's Blessing | 1 | |
| Well Spring | 1 | |
3 total
» buildings
| Altar of Elders | 2 | |
| Moon Well | 6 | |
| Hunter's Hall | 2 | |
| Tree of Ages | 1 | |
| Ancient Protector | 3 | |
| Tree of Life | 2 | |
| Tree of Eternity | 1 | |
| Ancient of Wonders | 2 | |
19 total
» build order
00:06 Altar of Elders
00:08 Altar of Elders
00:18 Moon Well
02:32 Moon Well
03:02 Moon Well
04:48 Hunter's Hall
05:23 Hunter's Hall
06:59 Tree of Ages
07:04 Ancient Protector
07:29 Ancient Protector
07:47 Ancient Protector
09:40 Tree of Life
09:56 Tree of Eternity
11:56 Moon Well
12:01 Moon Well
12:02 Moon Well
13:48 Ancient of Wonders
15:02 Tree of Life
25:44 Ancient of Wonders
» items
| Staff of Teleportation | 1 | |
| Boots of Speed | 1 | |
| Orb of Venom | 1 | |
| Potion of Healing | 5 | |
| Moonstone | 1 | |
| Lesser Clarity Potion | 2 | |
| Dust of Appearance | 2 | |
| Anti-magic Potion | 1 | |
14 total

»
SchmidtzHappy (
purple | 84 APM | 3155 actions | 37:27)
4 Archmage
2 Summon Water Elemental
2 Brilliance Aura
» actions
| Assign group hotkey | 61 | |
| Basic commands | 43 | |
| Build / train | 120 | |
| ESC pressed | 9 | |
| Enter build submenu | 189 | |
| Enter hero's abilities submenu | 4 | |
| Give item / drop item | 1 | |
| Right click | 1226 | |
| Select / deselect | 524 | |
| Select group hotkey | 751 | |
| Use ability | 225 | |
3155 total
» units
» upgrades
» buildings
| Altar of Kings | 1 | |
| Lumber Mill | 3 | |
| Farm | 8 | |
| Barracks | 1 | |
| Scout Tower | 145 | |
| Guard Tower | 49 | |
| Arcane Vault | 2 | |
| Arcane Tower | 1 | |
| Keep | 1 | |
| Town Hall | 2 | |
| Arcane Sanctum | 1 | |
214 total
» build order
00:04 Altar of Kings
00:11 Lumber Mill
00:32 Farm
02:18 Barracks
02:21 Farm
02:38 Scout Tower
02:44 Scout Tower
03:03 Scout Tower
03:04 Scout Tower
03:06 Scout Tower
03:08 Guard Tower
03:13 Guard Tower
03:26 Scout Tower
03:30 Guard Tower
03:50 Guard Tower
03:53 Scout Tower
03:54 Scout Tower
03:57 Scout Tower
04:09 Arcane Vault
04:11 Guard Tower
04:16 Guard Tower
04:30 Scout Tower
04:42 Scout Tower
04:44 Scout Tower
04:45 Scout Tower
04:47 Scout Tower
04:56 Guard Tower
04:59 Scout Tower
05:11 Scout Tower
05:12 Guard Tower
05:13 Arcane Tower
05:16 Scout Tower
05:17 Guard Tower
05:30 Scout Tower
05:31 Scout Tower
05:36 Scout Tower
05:39 Guard Tower
05:41 Scout Tower
05:44 Scout Tower
05:46 Guard Tower
05:57 Scout Tower
06:01 Scout Tower
06:06 Guard Tower
06:09 Farm
06:20 Guard Tower
06:22 Scout Tower
06:58 Scout Tower
07:01 Scout Tower
07:43 Guard Tower
07:45 Scout Tower
07:48 Scout Tower
08:02 Scout Tower
08:08 Scout Tower
08:25 Scout Tower
09:00 Guard Tower
09:05 Lumber Mill
09:27 Guard Tower
09:52 Farm
09:57 Guard Tower
09:57 Guard Tower
10:45 Scout Tower
10:48 Scout Tower
10:57 Scout Tower
10:58 Scout Tower
11:00 Scout Tower
11:26 Guard Tower
11:33 Scout Tower
11:38 Scout Tower
12:27 Guard Tower
12:35 Scout Tower
12:38 Scout Tower
12:56 Scout Tower
12:57 Scout Tower
13:47 Guard Tower
16:26 Guard Tower
16:27 Guard Tower
16:45 Arcane Vault
16:55 Scout Tower
16:57 Scout Tower
16:59 Scout Tower
17:17 Scout Tower
17:19 Scout Tower
17:21 Scout Tower
17:36 Scout Tower
17:39 Scout Tower
17:42 Scout Tower
17:51 Scout Tower
18:05 Scout Tower
18:06 Guard Tower
18:08 Scout Tower
18:16 Guard Tower
18:23 Scout Tower
18:27 Keep
18:38 Guard Tower
18:43 Scout Tower
18:45 Scout Tower
18:51 Guard Tower
18:59 Scout Tower
19:10 Scout Tower
19:12 Guard Tower
19:34 Scout Tower
21:10 Scout Tower
21:10 Scout Tower
21:11 Scout Tower
21:12 Scout Tower
21:14 Scout Tower
21:22 Scout Tower
21:29 Scout Tower
21:30 Scout Tower
21:32 Scout Tower
21:35 Guard Tower
21:36 Guard Tower
21:45 Town Hall
21:47 Guard Tower
21:52 Scout Tower
21:53 Scout Tower
21:56 Scout Tower
21:57 Scout Tower
22:05 Scout Tower
22:07 Scout Tower
22:08 Guard Tower
22:26 Guard Tower
23:34 Guard Tower
23:36 Scout Tower
23:38 Scout Tower
24:05 Scout Tower
24:06 Guard Tower
24:55 Scout Tower
25:03 Guard Tower
25:15 Scout Tower
25:17 Scout Tower
25:23 Scout Tower
25:25 Scout Tower
25:38 Guard Tower
25:41 Scout Tower
25:43 Scout Tower
25:44 Scout Tower
25:56 Guard Tower
26:16 Scout Tower
26:17 Scout Tower
26:20 Scout Tower
26:21 Scout Tower
26:26 Guard Tower
26:38 Lumber Mill
27:59 Scout Tower
28:10 Scout Tower
28:15 Scout Tower
28:16 Scout Tower
28:18 Guard Tower
28:40 Scout Tower
28:41 Scout Tower
28:44 Arcane Sanctum
28:45 Scout Tower
28:47 Scout Tower
28:49 Scout Tower
28:51 Scout Tower
28:53 Guard Tower
28:56 Scout Tower
28:58 Scout Tower
29:49 Guard Tower
29:52 Guard Tower
30:04 Guard Tower
31:19 Guard Tower
31:24 Town Hall
31:27 Scout Tower
31:28 Scout Tower
32:21 Guard Tower
33:05 Scout Tower
33:06 Scout Tower
33:08 Farm
33:09 Farm
33:47 Scout Tower
34:13 Farm
34:16 Farm
34:27 Scout Tower
34:28 Scout Tower
34:30 Scout Tower
34:31 Scout Tower
34:33 Scout Tower
34:35 Scout Tower
34:36 Scout Tower
34:38 Scout Tower
34:39 Scout Tower
34:41 Scout Tower
34:42 Scout Tower
34:58 Scout Tower
35:00 Scout Tower
35:01 Scout Tower
35:02 Scout Tower
35:03 Scout Tower
35:04 Scout Tower
35:05 Scout Tower
35:06 Scout Tower
35:08 Scout Tower
35:09 Scout Tower
35:17 Scout Tower
35:18 Scout Tower
35:19 Scout Tower
35:20 Scout Tower
35:21 Scout Tower
35:26 Scout Tower
35:28 Scout Tower
35:29 Scout Tower
35:31 Scout Tower
35:32 Scout Tower
35:33 Scout Tower
35:38 Scout Tower
35:39 Scout Tower
36:05 Scout Tower
36:07 Scout Tower
36:12 Scout Tower
36:40 Guard Tower
36:53 Guard Tower
37:22 Guard Tower
» items
| Lesser Clarity Potion | 1 | |
| Scroll of Town Portal | 2 | |
| Ivory Tower | 3 | |
| Staff of Teleportation | 1 | |
| Potion of Lesser Invulnerability | 1 | |
8 total
The_South_Pole (
yellow | 110 APM | 4132 actions | 37:27)
7 Keeper of the Grove
3 Entangling Roots
3 Thorns Aura
1 Tranquility
6 Priestess of the Moon
3 Trueshot Aura
2 Searing Arrows
1 Starfall
» actions
| Assign group hotkey | 22 | |
| Basic commands | 177 | |
| Build / train | 72 | |
| Enter build submenu | 14 | |
| Enter hero's abilities submenu | 14 | |
| Give item / drop item | 1 | |
| Remove unit from queue | 2 | |
| Right click | 2098 | |
| Select / deselect | 562 | |
| Select group hotkey | 1064 | |
| Use ability | 106 | |
4132 total
» units
» upgrades
| Strength of the Wild | 3 | |
| Reinforced Hides | 3 | |
| Ultravision | 1 | |
| Well Spring | 1 | |
| Corrosive Breath | 1 | |
| Nature's Blessing | 1 | |
10 total
» buildings
| Altar of Elders | 1 | |
| Moon Well | 6 | |
| Tree of Ages | 1 | |
| Hunter's Hall | 1 | |
| Ancient of Wind | 2 | |
| Tree of Eternity | 1 | |
| Chimaera Roost | 2 | |
| Tree of Life | 1 | |
| Ancient of Wonders | 1 | |
16 total
» build order
00:04 Altar of Elders
00:18 Moon Well
00:46 Moon Well
04:12 Tree of Ages
05:37 Hunter's Hall
06:57 Ancient of Wind
07:00 Moon Well
07:03 Moon Well
07:10 Tree of Eternity
07:12 Ancient of Wind
09:37 Chimaera Roost
09:58 Chimaera Roost
10:22 Tree of Life
13:40 Moon Well
15:04 Moon Well
24:11 Ancient of Wonders
» items
| Lesser Clarity Potion | 1 | |
| Scroll of Town Portal | 4 | |
| Orb of Venom | 1 | |
| Staff of Preservation | 1 | |
| Dust of Appearance | 1 | |
8 total
TheLeaningTower (
pink | 86 APM | 3222 actions | 37:30)
3 Archmage
2 Blizzard
1 Brilliance Aura
» actions
| Assign group hotkey | 255 | |
| Basic commands | 12 | |
| Build / train | 344 | |
| Enter build submenu | 133 | |
| Enter hero's abilities submenu | 3 | |
| Remove unit from queue | 2 | |
| Right click | 1284 | |
| Select / deselect | 791 | |
| Select group hotkey | 3 | |
| Use ability | 392 | |
3222 total
» units
» upgrades
| Masonry | 3 | |
| Lumber Harvesting | 1 | |
4 total
» buildings
| Altar of Kings | 2 | |
| Farm | 7 | |
| Lumber Mill | 3 | |
| Scout Tower | 258 | |
| Arcane Tower | 9 | |
| Guard Tower | 275 | |
| Keep | 4 | |
| Town Hall | 3 | |
| Castle | 3 | |
564 total
» build order
00:05 Altar of Kings
00:18 Farm
00:28 Lumber Mill
02:03 Scout Tower
02:08 Scout Tower
02:12 Farm
02:14 Scout Tower
02:17 Scout Tower
02:20 Scout Tower
02:23 Scout Tower
02:30 Arcane Tower
02:31 Arcane Tower
02:33 Scout Tower
02:33 Scout Tower
02:34 Scout Tower
02:37 Scout Tower
02:38 Scout Tower
02:38 Scout Tower
02:42 Guard Tower
02:42 Guard Tower
02:45 Guard Tower
02:49 Arcane Tower
02:49 Arcane Tower
02:49 Arcane Tower
02:49 Arcane Tower
03:02 Guard Tower
03:02 Guard Tower
03:08 Guard Tower
03:36 Arcane Tower
03:53 Guard Tower
03:53 Guard Tower
04:03 Scout Tower
04:04 Scout Tower
04:32 Guard Tower
04:32 Guard Tower
04:34 Guard Tower
04:34 Guard Tower
04:46 Scout Tower
04:47 Scout Tower
05:03 Scout Tower
05:04 Scout Tower
05:16 Farm
05:27 Scout Tower
05:27 Scout Tower
05:28 Scout Tower
05:38 Scout Tower
05:39 Scout Tower
05:41 Scout Tower
05:41 Scout Tower
05:43 Guard Tower
05:45 Scout Tower
05:45 Scout Tower
05:46 Scout Tower
05:59 Guard Tower
05:59 Guard Tower
06:07 Guard Tower
06:07 Guard Tower
06:12 Scout Tower
06:13 Scout Tower
06:31 Guard Tower
06:31 Guard Tower
06:37 Guard Tower
06:37 Guard Tower
06:41 Scout Tower
06:41 Scout Tower
06:42 Scout Tower
06:43 Scout Tower
06:45 Scout Tower
06:45 Scout Tower
06:53 Scout Tower
06:53 Scout Tower
06:55 Scout Tower
06:56 Guard Tower
06:56 Guard Tower
06:59 Scout Tower
07:00 Scout Tower
07:01 Scout Tower
07:15 Guard Tower
07:15 Guard Tower
07:28 Guard Tower
07:29 Guard Tower
07:30 Scout Tower
07:31 Scout Tower
07:33 Scout Tower
07:34 Guard Tower
07:34 Guard Tower
07:39 Guard Tower
07:44 Scout Tower
07:47 Scout Tower
07:50 Scout Tower
07:51 Scout Tower
07:52 Scout Tower
07:55 Keep
07:55 Keep
08:03 Scout Tower
08:03 Scout Tower
08:05 Scout Tower
08:09 Guard Tower
08:16 Guard Tower
08:16 Guard Tower
08:17 Guard Tower
08:18 Guard Tower
08:34 Guard Tower
08:38 Guard Tower
08:38 Guard Tower
08:39 Guard Tower
08:47 Guard Tower
08:48 Guard Tower
08:58 Guard Tower
09:00 Guard Tower
09:01 Guard Tower
09:03 Guard Tower
09:17 Guard Tower
09:17 Guard Tower
09:23 Scout Tower
09:24 Scout Tower
09:25 Scout Tower
09:27 Scout Tower
09:28 Scout Tower
09:41 Scout Tower
09:42 Scout Tower
09:44 Scout Tower
09:49 Scout Tower
09:53 Scout Tower
09:55 Scout Tower
10:09 Scout Tower
10:10 Scout Tower
10:13 Scout Tower
10:25 Guard Tower
10:30 Guard Tower
10:30 Guard Tower
10:32 Scout Tower
10:32 Scout Tower
10:33 Scout Tower
10:43 Scout Tower
10:43 Scout Tower
10:44 Scout Tower
11:25 Guard Tower
11:25 Guard Tower
11:27 Scout Tower
11:27 Scout Tower
11:28 Scout Tower
11:29 Scout Tower
11:30 Scout Tower
11:31 Scout Tower
11:31 Scout Tower
11:32 Scout Tower
11:59 Guard Tower
12:00 Guard Tower
12:07 Guard Tower
12:08 Guard Tower
12:10 Scout Tower
12:10 Scout Tower
12:11 Scout Tower
12:12 Scout Tower
12:13 Scout Tower
12:13 Scout Tower
12:15 Scout Tower
12:15 Scout Tower
12:16 Scout Tower
12:16 Scout Tower
12:17 Scout Tower
12:19 Guard Tower
12:20 Guard Tower
12:41 Guard Tower
13:03 Lumber Mill
14:09 Guard Tower
14:09 Guard Tower
14:11 Guard Tower
14:11 Guard Tower
14:14 Scout Tower
14:15 Scout Tower
14:15 Scout Tower
14:17 Scout Tower
14:17 Scout Tower
14:22 Scout Tower
14:43 Guard Tower
14:44 Guard Tower
14:51 Scout Tower
14:52 Scout Tower
14:53 Scout Tower
14:53 Scout Tower
14:54 Scout Tower
15:01 Scout Tower
15:01 Scout Tower
15:02 Scout Tower
15:03 Scout Tower
15:32 Guard Tower
15:33 Guard Tower
16:55 Guard Tower
16:55 Guard Tower
17:06 Scout Tower
17:07 Scout Tower
17:08 Scout Tower
17:08 Scout Tower
17:09 Scout Tower
17:34 Scout Tower
17:34 Scout Tower
17:35 Scout Tower
17:35 Scout Tower
17:56 Scout Tower
17:57 Scout Tower
18:00 Guard Tower
18:01 Guard Tower
18:07 Guard Tower
18:10 Scout Tower
18:11 Scout Tower
18:12 Scout Tower
18:12 Scout Tower
18:13 Scout Tower
18:13 Scout Tower
18:15 Scout Tower
18:15 Scout Tower
18:16 Scout Tower
18:17 Scout Tower
18:17 Scout Tower
18:18 Scout Tower
18:19 Guard Tower
18:20 Guard Tower
18:22 Scout Tower
18:23 Scout Tower
18:24 Scout Tower
18:24 Scout Tower
18:25 Scout Tower
18:26 Guard Tower
18:27 Guard Tower
18:27 Scout Tower
18:28 Scout Tower
18:28 Scout Tower
18:29 Scout Tower
18:30 Scout Tower
18:36 Scout Tower
18:36 Scout Tower
18:37 Scout Tower
18:38 Scout Tower
18:38 Scout Tower
18:48 Guard Tower
18:50 Guard Tower
18:51 Guard Tower
18:57 Town Hall
18:58 Guard Tower
18:58 Guard Tower
19:00 Guard Tower
19:00 Guard Tower
19:01 Guard Tower
19:03 Guard Tower
19:05 Scout Tower
19:05 Scout Tower
19:18 Scout Tower
19:19 Scout Tower
19:24 Guard Tower
19:25 Guard Tower
19:33 Guard Tower
19:33 Guard Tower
19:34 Guard Tower
19:37 Scout Tower
19:37 Scout Tower
19:38 Scout Tower
19:46 Guard Tower
19:46 Guard Tower
19:54 Guard Tower
19:54 Guard Tower
20:10 Scout Tower
20:12 Scout Tower
20:12 Scout Tower
20:25 Guard Tower
20:31 Guard Tower
20:33 Scout Tower
20:34 Scout Tower
20:34 Scout Tower
20:35 Scout Tower
20:47 Guard Tower
20:48 Guard Tower
20:52 Scout Tower
20:54 Scout Tower
20:54 Scout Tower
20:55 Scout Tower
20:55 Scout Tower
21:04 Guard Tower
21:04 Guard Tower
21:21 Guard Tower
21:21 Guard Tower
21:25 Scout Tower
21:26 Scout Tower
21:27 Scout Tower
21:28 Scout Tower
21:29 Scout Tower
21:29 Scout Tower
21:30 Scout Tower
21:34 Guard Tower
21:37 Guard Tower
21:44 Town Hall
21:45 Guard Tower
21:45 Guard Tower
21:50 Guard Tower
21:51 Farm
21:52 Farm
21:53 Farm
21:54 Farm
22:01 Keep
22:05 Guard Tower
22:06 Guard Tower
22:11 Guard Tower
22:11 Guard Tower
22:13 Scout Tower
22:14 Scout Tower
22:14 Scout Tower
22:15 Scout Tower
22:19 Guard Tower
22:19 Guard Tower
22:39 Guard Tower
22:39 Guard Tower
22:41 Guard Tower
22:42 Guard Tower
22:45 Guard Tower
22:46 Guard Tower
22:47 Guard Tower
22:47 Guard Tower
22:47 Guard Tower
22:51 Guard Tower
22:52 Guard Tower
22:52 Guard Tower
22:54 Guard Tower
22:54 Guard Tower
22:55 Guard Tower
22:55 Guard Tower
23:43 Guard Tower
24:19 Scout Tower
24:20 Scout Tower
24:21 Scout Tower
24:40 Lumber Mill
24:50 Scout Tower
24:51 Scout Tower
24:53 Scout Tower
24:57 Altar of Kings
25:02 Guard Tower
25:03 Guard Tower
25:06 Scout Tower
25:07 Scout Tower
25:08 Scout Tower
25:09 Scout Tower
25:20 Guard Tower
25:21 Guard Tower
25:23 Guard Tower
25:25 Scout Tower
25:26 Scout Tower
25:27 Scout Tower
25:31 Scout Tower
25:32 Scout Tower
25:32 Scout Tower
25:36 Guard Tower
25:36 Guard Tower
25:39 Scout Tower
25:40 Scout Tower
25:40 Scout Tower
25:44 Guard Tower
25:44 Guard Tower
25:48 Scout Tower
25:49 Scout Tower
25:50 Scout Tower
25:51 Scout Tower
25:52 Scout Tower
25:56 Guard Tower
25:56 Guard Tower
26:14 Guard Tower
26:14 Guard Tower
26:15 Guard Tower
26:19 Guard Tower
26:19 Guard Tower
26:24 Guard Tower
26:25 Guard Tower
26:30 Guard Tower
26:31 Guard Tower
26:33 Castle
26:33 Castle
26:38 Scout Tower
26:39 Scout Tower
26:40 Scout Tower
26:42 Scout Tower
26:44 Guard Tower
26:44 Guard Tower
27:01 Guard Tower
27:01 Guard Tower
27:22 Guard Tower
27:22 Guard Tower
27:31 Scout Tower
27:31 Scout Tower
27:32 Scout Tower
27:33 Scout Tower
27:59 Guard Tower
28:02 Scout Tower
28:02 Scout Tower
28:03 Scout Tower
28:04 Scout Tower
28:05 Scout Tower
28:06 Scout Tower
28:55 Guard Tower
29:00 Scout Tower
29:00 Scout Tower
29:01 Scout Tower
29:02 Scout Tower
29:03 Scout Tower
29:04 Scout Tower
29:04 Scout Tower
29:05 Scout Tower
29:47 Guard Tower
29:47 Guard Tower
29:47 Guard Tower
30:10 Scout Tower
30:11 Scout Tower
30:12 Scout Tower
30:13 Scout Tower
30:15 Scout Tower
30:16 Scout Tower
30:17 Scout Tower
30:21 Scout Tower
30:21 Scout Tower
30:23 Scout Tower
30:24 Scout Tower
30:24 Scout Tower
30:25 Scout Tower
30:52 Guard Tower
30:52 Guard Tower
31:01 Guard Tower
31:01 Guard Tower
33:02 Guard Tower
33:02 Guard Tower
33:03 Guard Tower
33:05 Scout Tower
33:06 Scout Tower
33:06 Scout Tower
33:07 Scout Tower
33:08 Scout Tower
33:08 Scout Tower
33:09 Scout Tower
33:09 Scout Tower
33:10 Scout Tower
34:03 Scout Tower
34:05 Scout Tower
34:05 Scout Tower
34:19 Guard Tower
34:33 Guard Tower
34:35 Guard Tower
34:35 Guard Tower
34:36 Scout Tower
34:37 Scout Tower
34:38 Scout Tower
34:40 Scout Tower
34:40 Scout Tower
34:41 Scout Tower
34:42 Scout Tower
34:43 Scout Tower
34:44 Scout Tower
34:45 Scout Tower
34:46 Scout Tower
36:26 Guard Tower
36:32 Town Hall
37:03 Guard Tower
37:04 Guard Tower
» items
Chat log
(00:09 / Allies) TheLeaningTower: why do you suck everoyne in wgdfs dick
(00:13 / Allies) TheLeaningTower: if you're not gonna reap benefits
(00:16 / All) The_South_Pole: latitude with attitude -The South Pole 2009
(00:21 / Allies) IMWITHSTUPIDvvv: huh
(00:23 / All) SchmidtzHappy: ANYONE WHO APPROACHES THE SOUTH POLE...FREEZES AND DIES!!!!
(00:26 / Allies) IMWITHSTUPIDvvv: what you talking about
(00:27 / All) BackTrack-: stfu and get shown
(00:39 / Allies) TheLeaningTower: get pword to a lbotted account
(00:42 / Allies) TheLeaningTower: so we dont need to smurf
(00:48 / Allies) IMWITHSTUPIDvvv: how do i suck they dick
(00:53 / Allies) IMWITHSTUPIDvvv: i go in there and troll it every day
(01:00 / Allies) TheLeaningTower: i dont care i just aim to offend
(01:05 / Allies) SchmidtzHappy: tower where
(01:18 / Allies) IMWITHSTUPIDvvv: wherever you want
(01:18 / Allies) SchmidtzHappy: or offensive
(01:19 / Allies) TheLeaningTower: timg feed me
(01:24 / Allies) IMWITHSTUPIDvvv: i yam
(01:37 / Allies) TheLeaningTower: hehe i really shoulda sent earlier :))
(01:40 / Allies) TheLeaningTower: or sent without milit
(01:52 / Allies) TheLeaningTower: ok i got 6 workers abroad now
(02:43 / Allies) TheLeaningTower: lum
(02:52 / Allies) TheLeaningTower: noobs
(02:55 / Allies) TheLeaningTower: look at this udbase
(03:16 / Allies) IMWITHSTUPIDvvv: red acio
(03:29 / Allies) IMWITHSTUPIDvvv: share
(03:31 / Allies) TheLeaningTower: super gay
(03:32 / Allies) TheLeaningTower: that was
(04:12 / Allies) TheLeaningTower: wtf. woulda needed help
(04:16 / All) BackTrack-: bitch die
(04:30 / All) BackTrack-: D
(04:31 / All) BackTrack-: D
(04:32 / All) NineInchNails: bye noob
(04:37 / All) NineInchNails: shitty tower rush
(04:47 / All) NineInchNails: my mom does better and she a noob
(04:56 / Allies) IMWITHSTUPIDvvv: his mom owns you
(05:51 / Allies) TheLeaningTower: timg 100000000 resources
(06:18 / Allies) TheLeaningTower: our bases are so vulnerable haha.
(06:42 / All) BackTrack-: OWNED
(06:45 / All) BackTrack-: GJ GREEN
(07:18 / Allies) TheLeaningTower: mad lum
(07:23 / Allies) TheLeaningTower: dont lure to my towers noob
(08:06 / Allies) TheLeaningTower: lummmmm
(08:10 / Allies) TheLeaningTower: towering 3x
(08:16 / Allies) IMWITHSTUPIDvvv: tank the tower
(08:19 / Allies) IMWITHSTUPIDvvv: we can kill blade
(08:36 / Allies) TheLeaningTower: orc shop anywhere?
(08:37 / Allies) IMWITHSTUPIDvvv: a noob's noob
(08:46 / All) TheLeaningTower: THX REFRESH HEALTH
(08:50 / Allies) TheLeaningTower: gold
(08:57 / All) BackTrack-: suck my cock pink
(09:02 / Allies) TheLeaningTower: lum
(09:12 / Allies) IMWITHSTUPIDvvv: yo iceberg
(09:16 / Allies) IMWITHSTUPIDvvv: sitting on fucking 1200 lumber
(09:20 / Allies) TheLeaningTower: seriously ?
(09:20 / Allies) TheLeaningTower: what
(09:20 / Allies) IMWITHSTUPIDvvv: share it
(09:20 / Allies) TheLeaningTower: the
(09:21 / Allies) TheLeaningTower: fuck
(09:22 / Allies) IMWITHSTUPIDvvv: so i can expand
(09:29 / Allies) TheLeaningTower: do i quit
(09:32 / Allies) TheLeaningTower: i dunno. i shoulod
(09:34 / Allies) IMWITHSTUPIDvvv: me
(09:34 / Allies) IMWITHSTUPIDvvv: me
(09:35 / Allies) IMWITHSTUPIDvvv: me
(09:36 / Allies) IMWITHSTUPIDvvv: me
(10:01 / Allies) TheLeaningTower: we use same names in chat
(10:01 / Allies) TheLeaningTower: as game
(10:16 / Allies) TheLeaningTower: like when i say "give me resources"
(10:22 / Allies) TheLeaningTower: there should be no confusion
(10:28 / Allies) TheLeaningTower: who i am referring to
(10:38 / Allies) TheLeaningTower: teal is wiping out a base
(10:39 / Allies) TheLeaningTower: maybe mine
(11:05 / All) NineInchNails: wow noobs
(11:16 / Allies) TheLeaningTower: no resources
(11:47 / All) NineInchNails: hahaha
(11:53 / All) BackTrack-: good bye noob pink
(11:57 / Allies) TheLeaningTower: need resources now
(12:15 / Allies) IMWITHSTUPIDvvv: get sentry
(12:21 / Allies) TheLeaningTower: ??
(12:25 / Allies) TheLeaningTower: troll ?
(12:27 / Allies) IMWITHSTUPIDvvv: why do you always refuse it
(12:30 / All) NineInchNails: games over now
(12:31 / Allies) TheLeaningTower: because im not tier 2
(12:36 / Allies) IMWITHSTUPIDvvv: you were
(12:38 / Allies) TheLeaningTower: you didnt feed
(12:39 / Allies) IMWITHSTUPIDvvv: until right when i said it
(12:40 / Allies) IMWITHSTUPIDvvv: ample time
(12:41 / Allies) TheLeaningTower: this game
(12:43 / All) NineInchNails: to far in game we have counters for towers
(12:52 / Allies) IMWITHSTUPIDvvv: you had 900/900 when you were under attack
(12:57 / Allies) IMWITHSTUPIDvvv: then ig ave another 600/700
(12:57 / Allies) TheLeaningTower: yeah couldnt spend
(12:58 / Allies) TheLeaningTower: then
(13:00 / Allies) TheLeaningTower: cuz i was under attackl
(13:25 / Allies) TheLeaningTower: i dunno
(13:29 / Allies) TheLeaningTower: same reason you arent defending your base i guess
(13:42 / Allies) IMWITHSTUPIDvvv: is my abse under attk./
(13:53 / Allies) TheLeaningTower: yes ?
(14:22 / All) BackTrack-: D
(14:22 / All) BackTrack-: D
(14:31 / Allies) TheLeaningTower: why
(14:35 / Allies) TheLeaningTower: are you giving them this.
(14:40 / Allies) TheLeaningTower: schmitty ?
(14:49 / Allies) TheLeaningTower: you realize that lost us game yes.
(14:58 / Allies) TheLeaningTower: losing bases is ok, losing tower wall is not
(15:00 / Allies) SchmidtzHappy: yes
(15:16 / Allies) SchmidtzHappy: i had nothing to counter siege
(15:21 / Allies) TheLeaningTower: well great how the fuck do we counter this.
(15:26 / Allies) TheLeaningTower: you didnt have towers either :(
(15:47 / Allies) SchmidtzHappy: well i did stop being
(15:51 / Allies) SchmidtzHappy: fed lumb
(15:58 / Allies) TheLeaningTower: two noobs dont make a right
(16:09 / Allies) TheLeaningTower: haha look at these autocast wells healing my peons
(16:34 / Allies) TheLeaningTower: gold
(16:38 / Allies) TheLeaningTower: tmg
(17:19 / Allies) TheLeaningTower: gj .
(17:23 / Allies) TheLeaningTower: cover schmitty
(17:24 / Allies) TheLeaningTower: as he towers that ?
(17:28 / Allies) TheLeaningTower: would need some aa tho
(19:01 / Allies) TheLeaningTower: lum n gold
(19:18 / All) NineInchNails: wow blue map hack enuff
(19:27 / Allies) TheLeaningTower: berg
(19:28 / Allies) TheLeaningTower: ?
(19:42 / Allies) TheLeaningTower: there is like one tower here
(19:53 / All) NineInchNails: soon as i atatck creep ur right there hacker
(20:00 / Allies) TheLeaningTower: good dodge
(20:01 / Allies) SchmidtzHappy: lumb
(20:07 / Allies) TheLeaningTower: you shoulda fought by towers but i guess that works fine
(20:21 / Allies) IMWITHSTUPIDvvv: were they up
(20:23 / Allies) IMWITHSTUPIDvvv: didnt know
(20:34 / All) IMWITHSTUPIDvvv: you crept right next to towers you retard
(20:46 / All) NineInchNails: ur still a noob
(20:54 / All) IMWITHSTUPIDvvv: lmao
(21:07 / All) NineInchNails: u guys lost
(21:11 / Allies) TheLeaningTower: im not interested in left side of map
(21:12 / All) NineInchNails: u just putting game off
(21:28 / Allies) IMWITHSTUPIDvvv: take top right
(21:35 / Allies) TheLeaningTower: ye
(21:57 / Allies) TheLeaningTower: lumber please
(22:00 / Allies) TheLeaningTower: nm
(22:03 / Allies) TheLeaningTower: had more than i thought
(22:14 / All) IMWITHSTUPIDvvv: lmao
(22:19 / All) IMWITHSTUPIDvvv: nooblord
(22:28 / All) TheLeaningTower: how did you manage to lose this one guys
(22:31 / All) BackTrack-: LOL WE DIDNT MASS TOWERS
(22:33 / Allies) TheLeaningTower: if you can tower that
(22:34 / Allies) TheLeaningTower: would be nice
(22:42 / All) IMWITHSTUPIDvvv: you massed noob
(22:46 / Allies) SchmidtzHappy: lumb?
(23:07 / Allies) TheLeaningTower: lol ?
(23:14 / All) TheLeaningTower: ?
(23:18 / All) TheLeaningTower: joke ?
(23:28 / All) NineInchNails: u guys are a joke
(23:31 / All) BackTrack-: ur a joke stfu cunt
(23:38 / All) TheLeaningTower: really cuz im laughin at you
(23:46 / All) NineInchNails: noob play
(24:08 / All) doerofpain: d
(24:08 / All) doerofpain: d
(24:08 / All) BackTrack-: D
(24:14 / All) TheLeaningTower: just a lil teaser
(24:14 / All) IMWITHSTUPIDvvv: hey heres a tip: he hasnt dropped the first 7 times
(24:24 / All) TheLeaningTower: i dont want you guys to give up hope you know
(24:34 / All) TheLeaningTower: if we all disconnected you could win
(24:35 / All) TheLeaningTower: in theory
(24:42 / All) BackTrack-: lol stfu i wana solo you after this scrub
(24:53 / All) doerofpain: hows about u GO SUCK MY BALLS
(24:53 / All) The_South_Pole: this was your game to lose fyi
(24:58 / All) The_South_Pole: but we gave you FROST BITE
(25:01 / All) IMWITHSTUPIDvvv: ok lets solo, *goes cl/fiend*
(25:14 / All) TheLeaningTower: !!!!!! they are building towers i cant just attack move
(25:14 / All) IMWITHSTUPIDvvv: wheres you base green.
(25:18 / All) TheLeaningTower: i have to think strategically WHAT THE FUCK
(25:23 / All) IMWITHSTUPIDvvv: gj teal. gj
(25:40 / All) doerofpain: MAYBE U DIDNT HEAR ME THE FIRST TIME
(25:50 / All) doerofpain: HOWS ABOUT U GO SUCK MY BALLS
(26:00 / All) doerofpain: imwitstupid
(26:01 / All) TheLeaningTower: you guys may leave
(26:01 / All) TheLeaningTower: now
(26:02 / All) TheLeaningTower: btw
(26:05 / All) TheLeaningTower: we're thru
(26:16 / All) TheLeaningTower: this session is done
(26:56 / All) IMWITHSTUPIDvvv: is green The Biggest Noob??
(27:00 / Allies) IMWITHSTUPIDvvv: want me to make army or something
(27:07 / Allies) TheLeaningTower: i do think we've got this
(27:08 / All) NineInchNails: no u are
(27:10 / Allies) TheLeaningTower: they dont have any mines
(27:11 / All) BackTrack-: u are scrub
(27:14 / Allies) IMWITHSTUPIDvvv: ok
(27:14 / Allies) TheLeaningTower: is why they aren't engaging our towers
(27:15 / All) doerofpain: *gets on a microphone
(27:16 / Allies) IMWITHSTUPIDvvv: cause i got 10k
(27:17 / Allies) TheLeaningTower: well that
(27:20 / Allies) IMWITHSTUPIDvvv: would be silly if we lost this game
(27:23 / Allies) TheLeaningTower: haha yeah
(27:27 / Allies) TheLeaningTower: im maxin towers
(27:30 / All) doerofpain: HOWS ABOUT U GO SUCK MY BALLS
(27:32 / Allies) IMWITHSTUPIDvvv: anybodyneed $$$??
(27:36 / All) doerofpain: IMWITSTUPID
(27:36 / All) BackTrack-: lmfao
(27:39 / All) IMWITHSTUPIDvvv: huh
(27:39 / Allies) SchmidtzHappy: need shredder badly
(27:40 / Allies) TheLeaningTower: dont think they have the resources
(27:42 / All) NineInchNails: play like bicthes
(27:43 / All) doerofpain: ...
(27:45 / Allies) TheLeaningTower: and besides you need some intelligence to kill towers
(27:47 / Allies) TheLeaningTower: like
(27:48 / All) doerofpain: wat r u retarded
(27:52 / Allies) TheLeaningTower: need to know what dhawks does etc
(28:03 / Allies) IMWITHSTUPIDvvv: lets creep you 5
(28:07 / Allies) IMWITHSTUPIDvvv: after we defend
(28:09 / Allies) TheLeaningTower: yeah gotta get that
(28:35 / All) TheLeaningTower: lol ?
(28:46 / All) TheLeaningTower: u make me lol red
(28:56 / Allies) IMWITHSTUPIDvvv: shop
(29:06 / Allies) IMWITHSTUPIDvvv: i got
(29:07 / Allies) IMWITHSTUPIDvvv: dont woryr
(29:27 / Allies) TheLeaningTower: is free to repair those you know
(29:30 / Allies) TheLeaningTower: hehe
(29:39 / Allies) TheLeaningTower: i think he's dead
(29:41 / Allies) IMWITHSTUPIDvvv: hey dont kill him schmittard
(29:42 / All) TheLeaningTower: LOL
(29:47 / Allies) TheLeaningTower: he died
(30:07 / Allies) TheLeaningTower: place tech in my base if you want
(30:14 / Allies) IMWITHSTUPIDvvv: CAN YOU please
(30:16 / Allies) IMWITHSTUPIDvvv: kill the red blade
(30:18 / Allies) TheLeaningTower: he
(30:18 / Allies) TheLeaningTower: died
(30:21 / All) doerofpain: blue u map hack
(30:23 / Allies) IMWITHSTUPIDvvv: it happened again
(30:28 / Allies) IMWITHSTUPIDvvv: and schmitty watches him run by
(30:32 / All) BackTrack-: yes you do
(30:33 / All) BackTrack-: faggot
(30:34 / Allies) TheLeaningTower: the one at the expo died
(30:36 / Allies) IMWITHSTUPIDvvv: schmitty the mother fuckin backstabber
(30:38 / Allies) IMWITHSTUPIDvvv: nice
(30:40 / All) doerofpain: thats bad
(30:42 / All) BackTrack-: Reporting
(30:46 / All) BackTrack-: you douche bags
(30:46 / Allies) TheLeaningTower: i got 3
(30:47 / Allies) TheLeaningTower: from it
(30:52 / All) IMWITHSTUPIDvvv: dont report...please...
(30:52 / Allies) SchmidtzHappy: heh
(31:04 / All) doerofpain: ill watch replay first
(31:06 / Allies) IMWITHSTUPIDvvv: lets save it
(31:07 / All) doerofpain: dont worry
(31:14 / Allies) TheLeaningTower: uproot vs siege damage
(31:16 / Allies) TheLeaningTower: please
(31:22 / Allies) TheLeaningTower: there
(31:24 / Allies) TheLeaningTower: no need to repair
(31:25 / All) IMWITHSTUPIDvvv: nice impale LOL
(31:30 / Allies) TheLeaningTower: toe outheals gyros when its uprooted
(31:42 / Allies) TheLeaningTower: i would get this tree of eternity outta here berg
(32:13 / Allies) TheLeaningTower: i could tower it i guess
(32:15 / Allies) TheLeaningTower: far tho
(32:54 / All) TheLeaningTower: you guys are skillers ???
(33:15 / All) TheLeaningTower: enjoy losing to joke strats ? y / n
(33:16 / All) TheLeaningTower: circle 1
(33:26 / All) doerofpain: ohhh HAHA
(33:28 / All) doerofpain: wow
(33:29 / All) IMWITHSTUPIDvvv: you guys are so bad g
(33:36 / All) doerofpain: im laughin right now
(33:40 / All) doerofpain: as a matter of fact
(33:43 / All) TheLeaningTower: me too...
(33:45 / All) doerofpain: up
(33:49 / All) TheLeaningTower: i am finding your micro
(33:51 / All) TheLeaningTower: VERY funny
(33:51 / All) doerofpain: let me grab a tissue
(33:53 / All) TheLeaningTower: that what you're laughing at ?
(33:55 / All) doerofpain: hold on
(34:00 / All) BackTrack-: D
(34:01 / All) doerofpain: d
(34:09 / All) TheLeaningTower: lol
(34:12 / Allies) TheLeaningTower: that was sweet
(34:28 / All) TheLeaningTower: watch your siege green.
(35:08 / All) TheLeaningTower: you guys leavin so soon ???
(35:16 / All) TheLeaningTower: yes. because you wont have any buildings left soon
(35:46 / All) TheLeaningTower: so is it hard to kill towers or something ?
(35:54 / All) NineInchNails: stfu noobs
(35:56 / All) TheLeaningTower: i just dont understand how you can lose
(35:57 / All) TheLeaningTower: to towers
(36:00 / All) TheLeaningTower: its not like they can move dude
(36:11 / All) doerofpain: and a maphacker
(36:16 / Allies) TheLeaningTower: you gotta plan that o ut
(36:16 / All) doerofpain: dont forget it
(36:18 / Allies) TheLeaningTower: better imho
(36:23 / All) The_South_Pole: you clutched a defeat from the jaws of victory
(36:27 / Allies) IMWITHSTUPIDvvv: NOO
(36:35 / All) BackTrack-: you hacked
(36:36 / Allies) TheLeaningTower: NOOl
(36:41 / All) TheLeaningTower: keep telling yourself this
(36:46 / All) doerofpain: how does it feel to have penis up ur butt all day?
(36:50 / All) IMWITHSTUPIDvvv: i think its cause i dusted his blade once
(36:54 / All) The_South_Pole: bad manner got you to this point
(36:58 / All) TheLeaningTower: when you creep in plain sight of my towers maybe you deserve to get your shit jacked yes ?
(36:58 / All) The_South_Pole: you should reconsider your manner
(37:01 / All) IMWITHSTUPIDvvv: maybe he thinks maphack works like true sight
(37:12 / All) doerofpain: no stupid
(37:15 / All) TheLeaningTower: im guessing you guys havent played this game much ?
(37:21 / All) TheLeaningTower: had red jst built
(37:22 / All) TheLeaningTower: say
(37:24 / All) TheLeaningTower: dragonhawks